 Dungeon Crawl Stone Soup version 0.29-a0-317-gd16b76e6b1 (console) character file.

Game seed: 4369965103182870655

1 Ignak the Grasshopper (level 1, 0/22 HPs)
             Began as an Ogre Warper on Apr 1, 2022.
             Slain by a kobold
             ... wielding a +0 short sword of protection
              (1 damage)
             ... on level 1 of the Dungeon.
             The game lasted 00:00:04 (23 turns).

Ignak the Grasshopper (Ogre Warper)                   Turns: 23, Time: 00:00:05

Health: 0/22       AC:  3    Str: 14    XL:     1   Next: 20%
Magic:  3/3        EV:  9    Int: 14    God:
Gold:   0          SH:  0    Dex:  8    Spells: 4/4 levels left

rFire   . . .      SeeInvis .   a - +0 mace
rCold   . . .      Faith    .   (no shield)
rNeg    . . .      Spirit   .   b - +0 robe
rPois   .          Reflect  .   (helmet restricted)
rElec   .          Harm     .   (no cloak)
rCorr   .          Rampage  .   (gloves unavailable)
Will    .....                   (boots unavailable)
Stlth   +.........              (no amulet)
HPRegen 0.07/turn               (no ring)
MPRegen 0.08/turn               (no ring)

@: no status effects
A: large, unfitting armour, tough skin 1
a: no special abilities


You were on level 1 of the Dungeon.
You visited 1 branch of the dungeon, and saw 1 of its levels.

Inventory:

Hand Weapons
 a - a +0 mace (weapon)
Missiles
 d - 7 boomerangs of dispersal (quivered)
Armour
 b - a +0 robe (worn)
Scrolls
 c - a scroll of blinking


   Skills:
 + Level 2.7 Fighting
 + Level 1.7 Maces & Flails
 + Level 1.0 Throwing
 + Level 2.1 Dodging
 + Level 2.4 Spellcasting
 + Level 2.7 Translocations


You had 4 spell levels left.
You didn't know any spells.
Your spell library contained the following spells:

 Spells                   Type           Power      Damage    Failure   Level
 Blink                    Tloc           18%        N/A       12%         2
 Gell's Gravitas          Tloc           9%         N/A       22%         3
 Lesser Beckoning         Tloc           9%         N/A       22%         3
 Teleport Other           Tloc           9%         N/A       22%         3
 Manifold Assault         Tloc           9%         N/A       91%         5


Dungeon Overview and Level Annotations

Branches:
Dungeon (1/15)

Altars:


Innate Abilities, Weirdness & Mutations

You are too large for most types of armour.
You have tough skin. (AC +1)


Message History

You barely miss the kobold. The bat closely misses you.
The bat hits you but does no damage. The bat closely misses you.
The kobold barely misses you. x2; The bat closely misses you.
You closely miss the kobold. The bat hits you.
The bat hits you but does no damage. The bat hits you.
The kobold closely misses you. The kobold hits you but does no damage.
The bat closely misses you. The bat barely misses you.
You hit the bat.
The bat is moderately wounded.
The bat hits you but does no damage. The bat barely misses you.
The kobold hits you with a +0 short sword of protection.
The hobgoblin hits you. The kobold closely misses you.
The kobold hits you with a +0 short sword of protection.
* * * LOW HITPOINT WARNING * * *
The kobold barely misses you. The hobgoblin closely misses you.
The kobold attacks as you move away! The kobold completely misses you.
The bat completely misses you. The bat closely misses you.
The bat completely misses you.
The hobgoblin hits you but does no damage.
The hobgoblin attacks as you move away! The hobgoblin hits you.
* * * LOW HITPOINT WARNING * * *
The kobold attacks as you move away! The kobold misses you.
The kobold attacks as you move away!
The kobold hits you with a +0 short sword of protection.
* * * LOW HITPOINT WARNING * * *
The bat barely misses you. The bat hits you but does no damage.
The bat barely misses you. x2
You closely miss the bat. The bat hits you but does no damage.
The bat closely misses you.
The kobold hits you with a +0 short sword of protection.
* * * LOW HITPOINT WARNING * * *
The kobold barely misses you. The hobgoblin closely misses you.
The bat hits you but does no damage.
Unknown command.
Unknown command.
You barely miss the bat. The bat hits you but does no damage.
The bat barely misses you. The bat hits you but does no damage.
The bat misses you.
The kobold hits you with a +0 short sword of protection.
You die...

...........##P≈.<#
...........##♣P..#
.#....#....##♣≈.≈#
.........#.##P..≈#
...##....#..#≈..P#
...##.......'..≈≈#
........b..##P.P♣#
.#....#gKK..#≈.♣≈#
.......b@...##+###
.......b.†.......
..###.....#####.#
# ....##### ####


You could see a hobgoblin, 3 bats and 2 kobolds.

Vanquished Creatures
  A giant cockroach (D:1)
1 creature vanquished.

Notes
Turn   | Place    | Note
-------+----------+-------------------------------------------
     0 | D:1      | Ignak the Ogre Warper began the quest for the Orb.
     0 | D:1      | Reached XP level 1. HP: 22/22 MP: 3/3
    22 | D:1      | HP: 1/22 [kobold/+0 short sword of protection (3)]
    23 | D:1      | Slain by a kobold

Illustrated notes

Levels and vault maps discovered:
D:1:      tarquinn_simple_flora_water_f, layout_loops_ring,
          minmay_misc_feat_alley, skrybe_limestone_x, chequers_jeans

Action                   || total
-------------------------++-------
Melee: Mace              ||     9
Armor: Robe              ||    17
Dodge: Dodged            ||    29

Table legend: (Time is in decaauts)
 A = Elapsed time spent in this place.
 B = Non-inter-level travel time spent in this place.
 C = Inter-level travel time spent in this place.
 D = Time resting spent in this place.
 E = Time spent auto-exploring this place.
 F = Levels seen in this place.
 G = Mean time per level.
                   A        B        C        D        E       F      G
               +--------+--------+--------+--------+--------+-----+--------+
         Total |     25 |     25 |      0 |      0 |      7 |   1 |   25.0 |
       Dungeon |     25 |     25 |      0 |      0 |      7 |   1 |   25.0 |
               +--------+--------+--------+--------+--------+-----+--------+

Top non-repeatable levels by time:
     D:1: 25 daAuts
